 Dungeon Crawl Stone Soup version 0.30.1 (webtiles) character file.

Game seed: 6762731555335963209

938 cdecastro the Fighter (level 8, -1/78 HPs)
             Began as a Hill Orc Fighter on July 7, 2023.
             Slain by an orc
             ... wielding a +0 hand axe
              (8 damage)
             ... on level 4 of the Dungeon.
             The game lasted 00:07:12 (4241 turns).

cdecastro the Fighter (Hill Orc Fighter)            Turns: 4241, Time: 00:07:13

Health: -1/78      AC: -9    Str: 21    XL:     8   Next: 12%
Magic:  8/8        EV:  9    Int:  8    God:
Gold:   286        SH:  4    Dex: 10    Spells: 7/7 levels left

rFire   . . .        a - +0 war axe
rCold   . . .        c - +0 buckler
rNeg    . . .        b - +0 scale mail
rPois   .            (no helmet)
rElec   .            (no cloak)
rCorr   .            (no gloves)
SInv    .            (no boots)
Will    .....        (no amulet) Stlth
                     (no ring)
HPRegen 0.33/turn    (no ring)
MPRegen 0.11/turn

%: no passive effects
@: corroded
A: no striking features
a: no special abilities


You were on level 4 of the Dungeon.
You visited 1 branch of the dungeon, and saw 5 of its levels.

You collected 286 gold pieces.

Inventory:

Hand Weapons
 a - a +0 war axe (weapon)
 p - a +2 hand axe of flaming
Missiles
 o - 2 throwing nets (quivered)
Armour
 b - a +0 scale mail (worn)
 c - a +0 buckler (worn)
Jewellery
 f - a ring of resist corrosion
 s - a ring of magical power
 v - a ring of poison resistance
 w - a ring of see invisible
Wands
 n - a wand of charming (14)
Scrolls
 d - a scroll of vulnerability {unknown}
 e - 4 scrolls of teleportation {unknown}
 g - a scroll of fear {unknown}
 j - 5 scrolls of identify {unknown}
 l - 2 scrolls of noise {unknown}
 q - a scroll of blinking {unknown}
 t - a scroll of enchant weapon {unknown}
 u - a scroll of magic mapping {unknown}
Potions
 h - 3 potions of degeneration {unknown}
 i - 2 potions of heal wounds {unknown}
 k - 7 potions of curing {unknown}
 m - 2 potions of haste
 r - a potion of resistance {unknown}


   Skills:
 * Level 9.6 Fighting
 + Level 7.2 Axes
 - Level 3.2 Armour
 - Level 3.2 Shields


You had 7 spell levels left.
You didn't know any spells.
Your spell library contained the following spells:

 Spells                   Type           Power      Damage    Failure   Level
 Magic Dart               Conj           0%         1d3       82%         1
 Call Imp                 Summ           0%         N/A       91%         2
 Searing Ray              Conj           0%         2d4       91%         2
 Mephitic Cloud           Conj/Pois/Air  0%         N/A       99%         3
 Fulminant Prism          Conj/Hex       0%         3d5       100%        4


Dungeon Overview and Level Annotations

Branches:
Dungeon (5/15)
 Temple: D:4-7

Altars:
Yredelemnul

Shops:
D:4 *


Message History

The jelly is almost dead.
The jelly hits you. The acid corrodes you!
You are splashed with acid!
* * * LOW HITPOINT WARNING * * *
You hit the jelly but do no damage.
Your hands burn!
* * * LOW HITPOINT WARNING * * *
The jelly is almost dead.
The jelly hits you.
* * * LOW HITPOINT WARNING * * *
The acid corrodes you!
You are splashed with acid.
* * * LOW HITPOINT WARNING * * *
You barely miss the jelly.
The jelly is almost dead.
The jelly hits you.
* * * LOW HITPOINT WARNING * * *
You are splashed with acid!
* * * LOW HITPOINT WARNING * * *
Unknown command.
You hit the jelly.
You kill the jelly!
Unknown command.
The orc attacks as you move away! The orc hits you with a +0 hand axe!
* * * LOW HITPOINT WARNING * * *
The orc attacks as you move away! You block the orc's attack.
The orc attacks as you move away! The orc hits you with a +0 hand axe.
* * * LOW HITPOINT WARNING * * *
The orc attacks as you move away! You block the orc's attack.
The orc attacks as you move away! The orc barely misses you.
The orc attacks as you move away! You block the orc's attack.
The orc attacks as you move away! The orc hits you with a +0 hand axe.
* * * LOW HITPOINT WARNING * * *
The orc attacks as you move away! You block the orc's attack.
The orc attacks as you move away! The orc hits you with a +0 hand axe.
* * * LOW HITPOINT WARNING * * *
There is a stone staircase leading up here.
You block the orc's attack.
You climb upwards.
Reactivating autopickup.
There is a stone staircase leading down here.
The orc hits you with a +0 hand axe!
You die...

###.....).........#
.#.....))........##
.......††........#
................##
#...............# #####
#...............####...#
.......#.........##....#
.......###..##.####....#
.......#........@>.....#
.................o....##
..............#.#....##
#......#.......###....#
###....##...#### ##.###
##......#....# ###
##..##.......#
.#..##...#..##
.......###..####


You could see an orc.

Vanquished Creatures
  A water moccasin (D:5)
  An ogre (D:4)
  2 scorpions
  4 hounds
  A gnoll bouda (D:4)
  2 jellies (D:5)
  An orc priest (D:5)
  A sleepcap (D:4)
  Ijyb (D:4)
  Natasha (thrice) (D:2)
  2 orc wizards (D:5)
  4 gnolls
  7 adders
  3 worms
  4 dart slugs
  19 orcs
  3 endoplasms
  2 giant cockroaches
  6 goblins
  8 hobgoblins
  6 kobolds
  2 quokkas
  6 ball pythons
  15 bats
  A frilled lizard (D:2)
  7 rats
  A spectral orc (D:3)
113 creatures vanquished.

Notes
Turn   | Place    | Note
-------+----------+-------------------------------------------
     0 | D:1      | cdecastro the Hill Orc Fighter began the quest for the Orb.
     0 | D:1      | Reached XP level 1. HP: 19/19 MP: 1/1
    69 | D:1      | Found a faded altar of an unknown god.
   134 | D:1      | Reached skill level 4 in Fighting
   165 | D:1      | Reached XP level 2. HP: 25/27 MP: 2/2
   533 | D:2      | Noticed Natasha
   566 | D:2      | Killed Natasha
   567 | D:2      | Reached XP level 3. HP: 27/35 MP: 3/3
   698 | D:2      | Reached skill level 5 in Fighting
   792 | D:2      | Noticed Natasha
   799 | D:2      | Killed Natasha
   800 | D:2      | Reached XP level 4. HP: 40/42 MP: 4/4
   829 | D:2      | Noticed Natasha
   836 | D:2      | Killed Natasha
  1026 | D:2      | Reached XP level 5. HP: 48/50 MP: 5/5
  1153 | D:3      | Reached skill level 6 in Fighting
  1499 | D:3      | Found a basalt altar of Yredelemnul.
  2046 | D:4      | Reached skill level 5 in Axes
  2046 | D:4      | Reached XP level 6. HP: 50/58 MP: 6/6
  2072 | D:4      | Reached skill level 7 in Fighting
  2386 | D:4      | Noticed Ijyb
  2419 | D:4      | Killed Ijyb
  2482 | D:4      | HP: 1/60 [gnoll/+0 spear[a gnoll bouda] (3)]
  2495 | D:4      | HP: 2/60 [bat (1)]
  2796 | D:4      | Reached XP level 7. HP: 26/67 MP: 7/7
  2969 | D:4      | Found Lig Huzxi's General Store.
  3196 | D:4      | Reached skill level 8 in Fighting
  3406 | D:5      | Entered Level 5 of the Dungeon
  3850 | D:5      | Reached skill level 9 in Fighting
  3952 | D:5      | Reached XP level 8. HP: 76/78 MP: 8/8
  4241 | D:4      | Slain by an orc

Illustrated notes

Levels and vault maps discovered:
D:1:      lemuel_arrival_tunnels, layout_basic, ebering_ecumenical_altar_box
D:2:      layout_rooms, uniq_natasha
D:3:      layout_loops_ring, yredelemnul_forgotten_temple_becter
D:4:      layout_cave_pools, minmay_shop_grid_forest,
          ebering_dispersal_statue_hall, eino_curves_04, roderic_batcave,
          kennysheep_flooded_box, chequers_serial_rivers_small_3,
          kennysheep_generic_room_15, uniq_ijyb
D:5:      minmay_chambers_of_fours, layout_basic, old_standard_altar,
          gammafunk_ghost_smash

Skill      XL: |  1  2  3  4  5  6  7 |
---------------+----------------------+-----
Fighting       | 4 5 6 7 9 |  9.6
Axes           | 3 4 5 7 |  7.2
Armour         | |  3.2
Shields        | |  3.2

Action                     |  1- 3 |  4- 6 |  7- 9 || total
---------------------------+-------+-------+-------++-------
  Melee: War axe           |    63 |   187 |    79 ||   329
    Use: Potion            |       |     2 |       ||     2
 Armour: Scale mail        |    20 |   106 |    26 ||   152
  Dodge: Dodged            |    32 |    97 |    31 ||   160
  Block: Buckler           |    19 |    43 |    22 ||    84
